 Dungeon Crawl Stone Soup version 0.28.0-53-g5a82cb258f (webtiles) character file.

Game seed: 15750917365120286428

19 Plasmagod the Conjurer (level 2, -5/15 HPs)
             Began as a Deep Elf Conjurer on July 13, 2022.
             Slain by Terence
             ... wielding a +1 hand axe of electrocution
              (12 damage)
             ... on level 2 of the Dungeon.
             The game lasted 00:02:28 (714 turns).

Plasmagod the Conjurer (Deep Elf Conjurer)           Turns: 714, Time: 00:02:29

Health: -5/15      AC:  2    Str:  4    XL:     2   Next: 55%
Magic:  8/8        EV: 12    Int: 22    God:
Gold:   40         SH:  0    Dex: 13    Spells: 4/7 levels left

rFire   . . .      SeeInvis .   (no weapon)
rCold   . . .      Faith    .   (no shield)
rNeg    . . .      Spirit   .   a - +0 robe
rPois   .          Reflect  .   (no helmet)
rElec   .          Harm     .   (no cloak)
rCorr   .          Rampage  .   (no gloves)
Will    .....                   (no boots)
Stlth   +.........              (no amulet)
HPRegen 0.05/turn               (no ring)
MPRegen 0.11/turn               (no ring)

@: confused
A: no striking features
a: no special abilities


You were on level 2 of the Dungeon.
You visited 1 branch of the dungeon, and saw 2 of its levels.

You collected 40 gold pieces.

Inventory:

Armour
 a - a +0 robe (worn)
Scrolls
 b - a scroll of vulnerability {unknown}
 d - a scroll of identify {unknown}
Potions
 c - a potion of mutation {unknown}


   Skills:
 + Level 2.5 Dodging
 + Level 2.6 Stealth
 + Level 3.1 Spellcasting
 + Level 5.0 Conjurations
 * Level 0.1 Hexes


You had 4 spell levels left.
You knew the following spells:

 Your Spells              Type           Power      Damage    Failure   Level
a - Magic Dart            Conj           100%       1d8       1%          1
b - Searing Ray           Conj           50%        2d6       2%          2

Your spell library contained the following spells:

 Spells                   Type           Power      Damage    Failure   Level
 Dazzling Flash           Conj/Hex       28%        N/A       13%         3
 Fulminant Prism          Conj/Hex       7%         3d7       38%         4
 Iskenderun's Mystic Bla  Conj/Tloc      14%        2d5       41%         4


Dungeon Overview and Level Annotations

Branches:
Dungeon (2/15)

Altars:

Shops:
D:1 [

Annotations:
D:2 Sigmund, Terence


Message History

Aiming: Magic Dart (safe; 1% risk of failure)
Press: ? - help, Q - select action, (/) - cycle Shift-Dir - straight line, f/p - dart slug
Aim: a dart slug (100% to hit)
The magic dart hits the dart slug.
The dart slug is lightly wounded.
Aiming: Magic Dart (safe; 1% risk of failure)
Press: ? - help, Q - select action, (/) - cycle Shift-Dir - straight line, f/p - dart slug
Aim: a dart slug (lightly wounded, 100% to hit)
The magic dart hits the dart slug.
The dart slug is heavily wounded.
Aiming: Magic Dart (safe; 1% risk of failure)
Press: ? - help, Q - select action, (/) - cycle Shift-Dir - straight line, f/p - dart slug
Aim: a dart slug (heavily wounded, 100% to hit)
The magic dart hits the dart slug.
The dart slug is severely wounded.
Aiming: Magic Dart (safe; 1% risk of failure)
Press: ? - help, Q - select action, (/) - cycle Shift-Dir - straight line, f/p - dart slug
Aim: a dart slug (severely wounded, 100% to hit)
The magic dart hits the dart slug.
You kill the dart slug!
Magic restored.
You now have 40 gold pieces (gained 8).
Found a stone staircase leading down.
Found a stone staircase leading up.
Terence and Sigmund come into view.
Terence is wielding a +1 hand axe of electrocution.
Sigmund is wielding a +0 scythe and wearing a +1 robe of the Archmagi.
Terence shouts!
Sigmund shouts!
Sigmund gestures at you while chanting.
You are confused.
Okay, then.
You bump into the rock wall.
You bump into the rock wall.
Sigmund mumbles some strange words.
Sigmund flickers and vanishes!
Deactivating autopickup; reactivate with Ctrl-A.
Terence hits you with a +1 hand axe of electrocution!
Ouch! That really hurt!
You are electrocuted!
Ouch! That really hurt!
You die...

#.#########.
#.######## #.........
#.######## #.# #.#
#####.#####
#........@##########
#..#######.@...{..<..
# #..#.######
#..#........
#..######### #.## #.#
#.# .>.


You could see Terence.

Vanquished Creatures
  2 dart slugs
  6 endoplasms (D:1)
  A kobold (D:1)
  A bat (D:1)
  3 frilled lizards (D:1)
  2 rats (D:1)
15 creatures vanquished.

Notes
Turn   | Place    | Note
-------+----------+-------------------------------------------
     0 | D:1      | Plasmagod the Deep Elf Conjurer began the quest for the
                  | Orb.
     0 | D:1      | Reached XP level 1. HP: 10/10 MP: 6/6
   165 | D:1      | Found a faded altar of an unknown god.
   181 | D:1      | Reached XP level 2. HP: 15/15 MP: 5/8
   213 | D:1      | Learned a level 2 spell: Searing Ray
   241 | D:1      | Found Bentis's Antique Armour Shoppe.
   413 | D:1      | Reached skill level 5 in Conjurations
   707 | D:2      | Noticed Terence
   707 | D:2      | Noticed Sigmund
   714 | D:2      | Slain by Terence

Illustrated notes

Levels and vault maps discovered:
D:1:      tarquinn_simple_flora_water_e, layout_rooms, serial_shops,
          shop_fountains, shapermc_ecumenical_altar_gd
D:2:      layout_loops_ring, basic_altar, uniq_terence, uniq_sigmund

Skill      XL: |  1  2 |
---------------+-------+-----
Conjurations   | 5 |  5.0
Dodging        | |  2.5
Stealth        | |  2.6
Spellcasting   | |  3.1
Hexes          | |  0.1

Action                   || total
-------------------------++-------
 Cast: Magic Dart        ||    31
Armor: Robe              ||     1
